Golden Seals vs Jets

Created - 20 décembre 2017 at 16:39

Goals
1 2 3 OT1 T
Golden Seals 0 1 0 0 1
Jets 0 1 0 1 2
Shots
1 2 3 OT1 T
Golden Seals 3 15 18 3 39
Jets 12 7 16 2 37

1st period

No Goal

Penalties :
Jonathan Toews (CLF) for Tripping (Minor) at 12:17, Jimmy Vesey (WIN) for Hooking (Minor) at 15:30

2nd period

1. Golden Seals , Colton Parayko 2 (Marko Dano 6, Sergei Bobrovsky) at 5:43
2. Jets , Nathan MacKinnon 21 (Wayne Simmonds 19, Marian Hossa 15) at 6:14

Penalties :
No Penalty

3rd period

No Goal

Penalties :
No Penalty

Overtime #1

3. Jets , Brett Ritchie 9 (Troy Brouwer 13) at 2:15

Penalties :
No Penalty

Goalie Stats

Sergei Bobrovsky (CLF), 35 saves from 37 shots - (0,946), OTL, 17-4-4, 62:15 minutes
Anton Forsberg (WIN), 38 saves from 39 shots - (0,974), W, 5-1-0, 62:15 minutes

Players Stats for Golden Seals

Player Name              G  A  P  +/- PIM S  H  SB GA TA FO     MP     PP MP  PK MP  
------------------------------------------------------------------------------------
Andrew Agozzino          0  0  0   0  0   0  1  0  0  1  1/3     8:26   0:00   0:26 
Barclay Goodrow          0  0  0   0  0   0  0  1  0  0  0/0     8:05   0:00   0:00 
Cody Ceci                0  0  0   1  0   3  0  2  1  3  0/0    25:24   0:19   1:14 
Cody Franson             0  0  0  -1  0   0  2  0  0  0  0/0    14:11   0:30   0:00 
Colin Wilson             0  0  0   1  0   2  0  2  0  0  1/1    14:27   0:04   1:09 
Colton Parayko           1  0  1   0  0   2  1  0  1  0  0/0    27:30   0:54   1:14 
Jaden Schwartz           0  0  0  -1  0   2  3  0  1  0  2/2    20:12   1:02   0:00 
Joe Pavelski             0  0  0  -1  0   4  4  0  0  0  1/2    20:33   1:02   0:00 
Jonathan Toews           0  0  0  -1  2   6  2  0  0  1  12/27  20:58   0:52   0:00 
Keith Yandle             0  0  0   0  0   3  0  2  1  1  0/0    20:34   1:14   0:00 
Mark Letestu             0  0  0   0  0   2  0  0  0  0  9/14   14:39   0:00   1:09 
Marko Dano               0  1  1   0  0   0  0  0  0  0  0/0     7:49   0:00   0:00 
Max Domi                 0  0  0   0  0   4  1  1  0  0  0/0    17:44   0:18   0:50 
Mike Fisher              0  0  0   0  0   1  2  1  0  2  11/22  17:59   0:53   0:24 
Olli Maatta              0  0  0   0  0   2  2  0  1  0  0/0    20:18   1:01   0:45 
Robby Fabbri             0  0  0   1  0   5  2  0  2  0  0/0    14:40   0:53   0:00 
Robert Hagg              0  0  0  -1  0   0  3  0  0  0  0/0    14:18   0:00   0:45 
Tyler Toffoli            0  0  0  -1  0   3  0  0  0  0  0/1    16:58   0:53   0:00 

Players Stats for Jets

Player Name              G  A  P  +/- PIM S  H  SB GA TA FO     MP     PP MP  PK MP  
------------------------------------------------------------------------------------
Alex Galchenyuk          0  0  0   0  0   3  4  2  0  0  11/21  19:02   0:45   0:51 
Anton Lindholm           0  0  0  -1  0   0  1  0  0  1  0/0    13:12   0:00   0:00 
Brett Ritchie            1  0  1   1  0   4  2  0  0  0  1/1    14:05   0:00   0:00 
Colton Sissons           0  0  0  -1  0   0  2  2  0  0  1/3     6:51   0:00   0:09 
Eric Fehr                0  0  0   0  0   2  0  0  1  0  0/1    17:41   0:45   0:20 
Frederick Gaudreau       0  0  0   0  0   0  1  0  0  1  1/2     2:27   0:12   0:00 
Jacob Josefson           0  0  0   0  0   3  1  0  4  0  0/0    13:32   0:00   0:00 
Jay McClement            0  0  0   0  0   0  0  0  0  1  1/5    14:21   0:00   0:26 
Jimmy Vesey              0  0  0  -1  2   1  0  0  0  0  0/0     7:03   0:00   0:00 
Josh Gorges              0  0  0   2  0   2  0  2  0  2  0/0    27:12   0:46   1:09 
Josh Manson              0  0  0   1  0   4  1  0  0  0  0/0    27:31   0:46   1:09 
Marian Hossa             0  1  1   1  0   5  0  1  0  0  2/3    21:20   1:14   0:18 
Mark Pysyk               0  0  0   0  0   1  0  0  0  0  0/0    20:34   1:13   0:50 
Nate Prosser             0  0  0   0  0   0  1  0  0  0  0/0    20:34   1:13   0:50 
Nathan MacKinnon         1  0  1   0  0   4  1  0  1  0  18/32  26:48   1:02   0:56 
Nathan Paetsch           0  0  0  -1  0   0  0  0  0  2  0/0    13:12   0:00   0:00 
Troy Brouwer             0  1  1   1  0   3  0  0  1  0  0/1    17:09   0:45   0:00 
Wayne Simmonds           0  1  1   1  0   5  0  1  1  0  0/3    22:11   1:14   0:58 

3 Stars

1 - Anton Forsberg (WIN)
2 - Brett Ritchie (WIN)
3 - Sergei Bobrovsky (CLF)

Power Play

Golden Seals - 0 on 1 Attempt(s) - 0,00%
Jets - 0 on 1 Attempt(s) - 0,00%

Penalty Kill

Golden Seals - 1 on 1 Attempt(s) - 100,00% - Score 0 goal in Penalty Kill
Jets - 1 on 1 Attempt(s) - 100,00% - Score 0 goal in Penalty Kill

Team Stat

Golden Seals - Hits : 23 - Faceoff Wins : 37 - Blocked Shots : 9 - Penalty Minutes : 2
Jets - Hits : 14 - Faceoff Wins : 35 - Blocked Shots : 8 - Penalty Minutes : 2

Official

Referees : Dan O'Rourke and Chris Lee
Linesman : Vaughan Rody and Lonnie Cameron

Game Notes

No Game Note

Finance

Level 1 -- Attendance: 6000 (100,00%) -- Ticket Income 540 000 $
Level 2 -- Attendance: 4648 (92,96%) -- Ticket Income 255 640 $
Level 3 -- Attendance: 1621 (81,05%) -- Ticket Income 64 840 $
Level 4 -- Attendance: 4000 (100,00%) -- Ticket Income 88 000 $
Luxury Box -- Attendance: 717 (71,70%) -- Ticket Income 143 400 $
Game was played at the No Name Arena.
Total Attendance: 16986 (94,37%)
Total Ticket Income: 1 091 880 $
Other Income: 535 021 $
Total Income: 1 626 901 $

Golden Seals

5 vs 5 Forward 
   Center                   Left Wing                Right Wing               Time % Phy DF OF 
 1 Jonathan Toews           Joe Pavelski             Jaden Schwartz           36     0   2  3  
 2 Mike Fisher              Max Domi                 Tyler Toffoli            30     0   2  3  
 3 Mark Letestu             Colin Wilson             Robby Fabbri             24     0   2  3  
 4 Andrew Agozzino          Barclay Goodrow          Marko Dano               10     1   2  2  

5 vs 5 Defense 
   Defense                  Defense                                           Time % Phy DF OF 
 1 Colton Parayko           Cody Ceci                                         43     0   3  2  
 2 Keith Yandle             Olli Maatta                                       34     0   3  2  
 3 Cody Franson             Robert Hagg                                       23     0   4  1  
 4 Colton Parayko           Keith Yandle                                      0      1   2  2  

PowerPlay Forward 
   Center                   Left Wing                Right Wing               Time % Phy DF OF 
 1 Jonathan Toews           Joe Pavelski             Jaden Schwartz           60     0   0  5  
 2 Mike Fisher              Robby Fabbri             Tyler Toffoli            40     0   0  5  

PowerPlay Defense
   Defense                  Defense                                           Time % Phy DF OF 
 1 Colton Parayko           Keith Yandle                                      75     0   1  4  
 2 Cody Franson             Keith Yandle                                      25     0   1  4  

Penalty Kill 4 Players Forward 
   Center                   Wing                     Time % Phy DF OF 
 1 Mark Letestu             Colin Wilson             60     1   4  0  
 2 Mike Fisher              Max Domi                 40     1   4  0  

Penalty Kill 4 Players Defense
   Defense                  Defense                  Time % Phy DF OF 
 1 Colton Parayko           Cody Ceci                60     1   4  0  
 2 Robert Hagg              Olli Maatta              40     1   4  0  

Penalty Kill - 3 Players Forward 
   Forward                                           Time % Phy DF OF 
 1 Joe Pavelski                                      60     1   4  0  
 2 Jonathan Toews                                    40     1   4  0  

Penalty Kill - 3 Players Defense
   Defense                  Defense                  Time % Phy DF OF 
 1 Colton Parayko           Cody Ceci                60     0   5  0  
 2 Robert Hagg              Olli Maatta              40     0   5  0  

4 vs 4 Forward 
   Center                   Wing                     Time % Phy DF OF 
 1 Joe Pavelski             Jonathan Toews           60     0   2  3  
 2 Mike Fisher              Jaden Schwartz           40     0   2  3  

4 vs 4 Defense
   Defense                  Defense                  Time % Phy DF OF 
 1 Colton Parayko           Cody Ceci                60     0   3  2  
 2 Keith Yandle             Olli Maatta              40     0   3  2  

Last Minutes Offensive
   Center                   Left Wing                Right Wing               Defense                  Defense                  
   Jonathan Toews           Joe Pavelski             Jaden Schwartz           Colton Parayko           Keith Yandle             

Last Minutes Defensive
   Center                   Left Wing                Right Wing               Defense                  Defense                  
   Mike Fisher              Jaden Schwartz           Mark Letestu             Cody Ceci                Colton Parayko           

Goaltenders
Starting : Sergei Bobrovsky         
Backup : Andrei Vasilevskiy       

Extra Forwards
Normal : Robby Fabbri, Colin Wilson, Max Domi - PP : Max Domi, Colin Wilson - PK : Max Domi
Extra Defensemen
Normal : Cody Franson, Olli Maatta, Cody Ceci - PP : Cody Ceci - PK : Olli Maatta, Cody Ceci
Penalty Shots
Joe Pavelski, Jonathan Toews, Mike Fisher, Jaden Schwartz, Mark Letestu
Custom OT Lines Forwards
Joe Pavelski, Jonathan Toews, Mike Fisher, Jaden Schwartz, Mark Letestu, Tyler Toffoli, Colin Wilson, Max Domi, Robby Fabbri, Marko Dano
Custom OT Lines Defensemen
Colton Parayko, Keith Yandle, Cody Ceci, Cody Franson, Olli Maatta

Scratches
Miles Wood (Separated Right Shoulder Injury), Nate Schmidt (Healthy)

Jets

5 vs 5 Forward 
   Center                   Left Wing                Right Wing               Time % Phy DF OF 
 1 Nathan MacKinnon         Wayne Simmonds           Marian Hossa             40     1   2  2  
 2 Alex Galchenyuk          Eric Fehr                Troy Brouwer             30     1   2  2  
 3 Jay McClement            Jacob Josefson           Brett Ritchie            20     1   2  2  
 4 Colton Sissons           Jimmy Vesey              Nathan MacKinnon         10     1   2  2  

5 vs 5 Defense 
   Defense                  Defense                                           Time % Phy DF OF 
 1 Josh Gorges              Josh Manson                                       40     1   2  2  
 2 Mark Pysyk               Nate Prosser                                      30     1   2  2  
 3 Nathan Paetsch           Anton Lindholm                                    20     1   2  2  
 4 Josh Gorges              Josh Manson                                       10     1   2  2  

PowerPlay Forward 
   Center                   Left Wing                Right Wing               Time % Phy DF OF 
 1 Nathan MacKinnon         Wayne Simmonds           Marian Hossa             60     1   2  2  
 2 Alex Galchenyuk          Eric Fehr                Troy Brouwer             40     1   2  2  

PowerPlay Defense
   Defense                  Defense                                           Time % Phy DF OF 
 1 Josh Gorges              Josh Manson                                       60     1   2  2  
 2 Mark Pysyk               Nate Prosser                                      40     1   2  2  

Penalty Kill 4 Players Forward 
   Center                   Wing                     Time % Phy DF OF 
 1 Nathan MacKinnon         Wayne Simmonds           60     1   2  2  
 2 Marian Hossa             Alex Galchenyuk          40     1   2  2  

Penalty Kill 4 Players Defense
   Defense                  Defense                  Time % Phy DF OF 
 1 Josh Gorges              Josh Manson              60     1   2  2  
 2 Mark Pysyk               Nate Prosser             40     1   2  2  

Penalty Kill - 3 Players Forward 
   Forward                                           Time % Phy DF OF 
 1 Nathan MacKinnon                                  60     1   2  2  
 2 Wayne Simmonds                                    40     1   2  2  

Penalty Kill - 3 Players Defense
   Defense                  Defense                  Time % Phy DF OF 
 1 Josh Gorges              Josh Manson              60     1   2  2  
 2 Mark Pysyk               Nate Prosser             40     1   2  2  

4 vs 4 Forward 
   Center                   Wing                     Time % Phy DF OF 
 1 Nathan MacKinnon         Wayne Simmonds           60     1   2  2  
 2 Marian Hossa             Alex Galchenyuk          40     1   2  2  

4 vs 4 Defense
   Defense                  Defense                  Time % Phy DF OF 
 1 Josh Gorges              Josh Manson              60     1   2  2  
 2 Mark Pysyk               Nate Prosser             40     1   2  2  

Last Minutes Offensive
   Center                   Left Wing                Right Wing               Defense                  Defense                  
   Nathan MacKinnon         Wayne Simmonds           Marian Hossa             Josh Gorges              Josh Manson              

Last Minutes Defensive
   Center                   Left Wing                Right Wing               Defense                  Defense                  
   Nathan MacKinnon         Wayne Simmonds           Marian Hossa             Josh Gorges              Josh Manson              

Goaltenders
Starting : Anton Forsberg           
Backup : Craig Anderson           

Extra Forwards
Normal : Frederick Gaudreau, Brett Ritchie, Jay McClement - PP : Frederick Gaudreau, Brett Ritchie - PK : Jay McClement
Extra Defensemen
Normal : Nathan Paetsch, Anton Lindholm, Mark Pysyk - PP : Nathan Paetsch - PK : Anton Lindholm, Mark Pysyk
Penalty Shots
Nathan MacKinnon, Wayne Simmonds, Marian Hossa, Alex Galchenyuk, Troy Brouwer
Custom OT Lines Forwards
Nathan MacKinnon, Wayne Simmonds, Marian Hossa, Alex Galchenyuk, Troy Brouwer, Brett Ritchie, Eric Fehr, Jay McClement, Jacob Josefson, Jimmy Vesey
Custom OT Lines Defensemen
Josh Gorges, Josh Manson, Mark Pysyk, Nate Prosser, Nathan Paetsch

Scratches
Duncan Keith (Healthy), Tanner Richard (Healthy), Travis Hamonic (Healthy), Ondrej Pavelec (Healthy)

% Time on Ice - Golden Seals

Lines # - Real PCT - Wanted PCT - Time Play
Normal Forward
1 - 34% - 36% - 19:16
2 - 28% - 30% - 15:46
3 - 24% - 24% - 13:11
4 - 14% - 10% - 7:49
Normal Defense
1 - 43% - 43% - 23:53
2 - 33% - 34% - 18:36
3 - 24% - 23% - 13:33
4 - 0% - 0% - 0:00
PP Forward
1 - 55% - 60% - 1:06
2 - 45% - 40% - 0:53
PP Defense
1 - 75% - 75% - 1:29
2 - 25% - 25% - 0:30
PK Forward
1 - 80% - 60% - 1:35
2 - 20% - 40% - 0:24
PK Defense
1 - 62% - 60% - 1:14
2 - 38% - 40% - 0:45
PK3 Forward
1 - 0% - 60%
2 - 0% - 40%
PK3 Defense
1 - 0% - 60%
2 - 0% - 40%
44 Forward
1 - 0% - 60%
2 - 0% - 40%
44 Defense
1 - 0% - 60%
2 - 0% - 40%
Last Minute Offensive  - 0:00
Last Minute Defensive  - 0:00
Total
Forward - 60:00
Defense - 60:00

% Time on Ice - Jets

Lines # - Real PCT - Wanted PCT - Time Play
Normal Forward
1 - 35% - 40% - 19:34
2 - 29% - 30% - 16:14
3 - 24% - 20% - 13:32
4 - 12% - 10% - 6:42
Normal Defense
1 - 34% - 40% - 19:19
2 - 35% - 30% - 19:23
3 - 22% - 20% - 12:20
4 - 9% - 10% - 5:00
PP Forward
1 - 62% - 60% - 1:14
2 - 38% - 40% - 0:45
PP Defense
1 - 39% - 60% - 0:46
2 - 61% - 40% - 1:13
PK Forward
1 - 85% - 60% - 1:41
2 - 15% - 40% - 0:18
PK Defense
1 - 58% - 60% - 1:09
2 - 42% - 40% - 0:50
PK3 Forward
1 - 0% - 60%
2 - 0% - 40%
PK3 Defense
1 - 0% - 60%
2 - 0% - 40%
44 Forward
1 - 0% - 60%
2 - 0% - 40%
44 Defense
1 - 0% - 60%
2 - 0% - 40%
Last Minute Offensive  - 0:00
Last Minute Defensive  - 0:00
Total
Forward - 60:00
Defense - 60:00

Play by Play

1st period


0:01 of 1st period - Nathan MacKinnon wins face-off versus Jonathan Toews in neutral zone.
0:14 of 1st period - Snap shot by Jaden Schwartz.
0:14 of 1st period - Stopped by Anton Forsberg with a rebound.
0:20 of 1st period - Cody Ceci is hit by Josh Manson and loses puck.
0:41 of 1st period - Wrist shot by Brett Ritchie.
0:41 of 1st period - Stopped by Sergei Bobrovsky with a rebound.
0:43 of 1st period - Slapshot by Josh Manson.
0:43 of 1st period - Shot Blocked by Cody Ceci.
1:54 of 1st period - Keith Yandle is hit by Alex Galchenyuk and loses puck.
1:59 of 1st period - Snap shot by Alex Galchenyuk.
1:59 of 1st period - Stopped by Sergei Bobrovsky without a rebound.
2:00 of 1st period - Mark Letestu wins face-off versus Alex Galchenyuk in Golden Seals zone.
2:28 of 1st period - Snap shot by Troy Brouwer.
2:28 of 1st period - Deflect By Alex Galchenyuk.
2:28 of 1st period - Shot Blocked by Keith Yandle.
2:28 of 1st period - Puck is out of play.
2:29 of 1st period - Nathan MacKinnon wins face-off versus Mike Fisher in Golden Seals zone.
3:44 of 1st period - Wrist shot by Jacob Josefson.
3:44 of 1st period - Shot Misses the Net.
3:46 of 1st period - Wrist shot by Jacob Josefson.
3:46 of 1st period - Shot Misses the Net.
3:48 of 1st period - Backhand shot by Mark Pysyk.
3:48 of 1st period - Deflect By Brett Ritchie.
3:48 of 1st period - Shot Misses the Net.
3:48 of 1st period - Puck is out of play.
3:49 of 1st period - Mike Fisher wins face-off versus Wayne Simmonds in Golden Seals zone.
4:32 of 1st period - Josh Gorges is hit by Andrew Agozzino and loses puck.
4:49 of 1st period - Marian Hossa is hit by Jaden Schwartz and loses puck.
4:59 of 1st period - Off-side.
5:00 of 1st period - Alex Galchenyuk wins face-off versus Mark Letestu in neutral zone.
5:11 of 1st period - Wrist shot by Troy Brouwer.
5:11 of 1st period - Stopped by Sergei Bobrovsky with a rebound.
5:34 of 1st period - Snap shot by Jacob Josefson.
5:34 of 1st period - Stopped by Sergei Bobrovsky without a rebound.
5:35 of 1st period - Alex Galchenyuk wins face-off versus Mike Fisher in Golden Seals zone.
5:36 of 1st period - Snap shot by Troy Brouwer.
5:36 of 1st period - Deflect By Alex Galchenyuk.
5:36 of 1st period - Shot Misses the Net.
5:36 of 1st period - Puck is out of play.
5:37 of 1st period - Mike Fisher wins face-off versus Alex Galchenyuk in Golden Seals zone.
6:04 of 1st period - Robert Hagg is hit by Colton Sissons and loses puck.
6:27 of 1st period - Backhand shot by Brett Ritchie.
6:27 of 1st period - Deflect By Jacob Josefson.
6:27 of 1st period - Stopped by Sergei Bobrovsky without a rebound.
6:28 of 1st period - Alex Galchenyuk wins face-off versus Mike Fisher in Golden Seals zone.
6:31 of 1st period - Slapshot by Troy Brouwer.
6:31 of 1st period - Shot Misses the Net.
6:33 of 1st period - Snap shot by Eric Fehr.
6:33 of 1st period - Stopped by Sergei Bobrovsky without a rebound.
6:34 of 1st period - Mike Fisher wins face-off versus Alex Galchenyuk in Golden Seals zone.
6:47 of 1st period - Snap shot by Max Domi.
6:47 of 1st period - Shot Misses the Net.
7:23 of 1st period - Wrist shot by Colin Wilson.
7:23 of 1st period - Shot Hit the Post.
7:27 of 1st period - Wrist shot by Robby Fabbri.
7:27 of 1st period - Shot Misses the Net.
7:29 of 1st period - Slapshot by Cody Ceci.
7:29 of 1st period - Stopped by Anton Forsberg without a rebound.
7:30 of 1st period - Nathan MacKinnon wins face-off versus Jonathan Toews in Jets zone.
7:30 of 1st period - Nathan MacKinnon is hit by Robert Hagg.
7:36 of 1st period - Snap shot by Marian Hossa.
7:36 of 1st period - Shot Misses the Net.
8:04 of 1st period - Snap shot by Alex Galchenyuk.
8:04 of 1st period - Shot Blocked by Mike Fisher.
8:08 of 1st period - Snap shot by Alex Galchenyuk.
8:08 of 1st period - Shot Misses the Net.
9:03 of 1st period - Snap shot by Joe Pavelski.
9:03 of 1st period - Stopped by Anton Forsberg without a rebound.
9:04 of 1st period - Nathan MacKinnon wins face-off versus Mike Fisher in Jets zone.
10:23 of 1st period - Icing by Cody Ceci.
10:24 of 1st period - Alex Galchenyuk wins face-off versus Andrew Agozzino in Golden Seals zone.
10:35 of 1st period - Snap shot by Alex Galchenyuk.
10:35 of 1st period - Stopped by Sergei Bobrovsky with a rebound.
10:37 of 1st period - Slapshot by Josh Gorges.
10:37 of 1st period - Deflect By Cody Ceci.
10:37 of 1st period - Stopped by Sergei Bobrovsky without a rebound.
10:38 of 1st period - Jonathan Toews wins face-off versus Nathan MacKinnon in Golden Seals zone.
10:52 of 1st period - Snap shot by Marian Hossa.
10:52 of 1st period - Stopped by Sergei Bobrovsky with a rebound.
10:54 of 1st period - Backhand shot by Josh Manson.
10:54 of 1st period - Stopped by Sergei Bobrovsky with a rebound.
11:16 of 1st period - Wrist shot by Mike Fisher.
11:16 of 1st period - Shot Hit the Post.
12:17 of 1st period - Minor Penalty to Jonathan Toews for Tripping.
12:18 of 1st period - Nathan MacKinnon wins face-off versus Mark Letestu in Golden Seals zone.
12:22 of 1st period - Wrist shot by Nathan MacKinnon.
12:22 of 1st period - Shot Misses the Net.
12:26 of 1st period - Snap shot by Wayne Simmonds.
12:26 of 1st period - Shot Misses the Net.
12:28 of 1st period - Slapshot by Mark Pysyk.
12:28 of 1st period - Shot Misses the Net.
12:30 of 1st period - Slapshot by Mark Pysyk.
12:30 of 1st period - Stopped by Sergei Bobrovsky without a rebound.
12:31 of 1st period - Mark Letestu wins face-off versus Nathan MacKinnon in Golden Seals zone.
12:42 of 1st period - Slapshot by Nathan MacKinnon.
12:42 of 1st period - Shot Hit the Post.
14:17 of 1st period - Penalty to Jonathan Toews is over, Jonathan Toews is back on ice.
15:30 of 1st period - Minor Penalty to Jimmy Vesey for Hooking.
15:31 of 1st period - Jonathan Toews wins face-off versus Nathan MacKinnon in Jets zone.
16:00 of 1st period - Josh Gorges is hit by Mike Fisher and loses puck.
16:29 of 1st period - Joe Pavelski is hit by Nate Prosser and loses puck.
16:42 of 1st period - Alex Galchenyuk is hit by Robby Fabbri and loses puck.
17:30 of 1st period - Penalty to Jimmy Vesey is over, Jimmy Vesey is back on ice.
17:49 of 1st period - Snap shot by Jimmy Vesey.
17:49 of 1st period - Shot Blocked by Barclay Goodrow.
17:51 of 1st period - Wrist shot by Eric Fehr.
17:51 of 1st period - Stopped by Sergei Bobrovsky without a rebound.
17:52 of 1st period - Mark Letestu wins face-off versus Jay McClement in Golden Seals zone.
18:40 of 1st period - Colton Sissons is hit by Cody Franson and loses puck.
18:48 of 1st period - Icing by Anton Lindholm.
18:49 of 1st period - Andrew Agozzino wins face-off versus Colton Sissons in Jets zone.
Goals for this period are 0 for Golden Seals vs 0 for Jets.
Shots for this period are 3 for Golden Seals vs 12 for Jets.

2nd period


0:01 of 2nd period - Mike Fisher wins face-off versus Nathan MacKinnon in neutral zone.
1:19 of 2nd period - Snap shot by Jimmy Vesey.
1:19 of 2nd period - Deflect By Cody Franson.
1:19 of 2nd period - Shot Misses the Net.
1:19 of 2nd period - Puck is out of play.
1:20 of 2nd period - Colton Sissons wins face-off versus Mike Fisher in Golden Seals zone.
1:29 of 2nd period - Snap shot by Jimmy Vesey.
1:29 of 2nd period - Stopped by Sergei Bobrovsky without a rebound.
1:30 of 2nd period - Mike Fisher wins face-off versus Nathan MacKinnon in Golden Seals zone.
1:45 of 2nd period - Snap shot by Nathan MacKinnon.
1:45 of 2nd period - Shot Blocked by Max Domi.
2:01 of 2nd period - Wrist shot by Brett Ritchie.
2:01 of 2nd period - Stopped by Sergei Bobrovsky without a rebound.
2:02 of 2nd period - Jonathan Toews wins face-off versus Jay McClement in Golden Seals zone.
2:23 of 2nd period - Wrist shot by Brett Ritchie.
2:23 of 2nd period - Shot Misses the Net.
2:25 of 2nd period - Slapshot by Josh Manson.
2:25 of 2nd period - Stopped by Sergei Bobrovsky without a rebound.
2:26 of 2nd period - Mike Fisher wins face-off versus Nathan MacKinnon in Golden Seals zone.
2:59 of 2nd period - Snap shot by Colin Wilson.
2:59 of 2nd period - Shot Misses the Net.
3:01 of 2nd period - Slapshot by Mark Letestu.
3:01 of 2nd period - Stopped by Anton Forsberg without a rebound.
3:02 of 2nd period - Jonathan Toews wins face-off versus Nathan MacKinnon in Jets zone.
3:10 of 2nd period - Icing by Wayne Simmonds.
3:11 of 2nd period - Nathan MacKinnon wins face-off versus Jonathan Toews in Jets zone.
3:26 of 2nd period - Snap shot by Wayne Simmonds.
3:26 of 2nd period - Shot Misses the Net.
3:56 of 2nd period - Snap shot by Jonathan Toews.
3:56 of 2nd period - Deflect By Jaden Schwartz.
3:56 of 2nd period - Shot Misses the Net.
3:56 of 2nd period - Puck is out of play.
3:57 of 2nd period - Mike Fisher wins face-off versus Alex Galchenyuk in Jets zone.
4:04 of 2nd period - Slapshot by Tyler Toffoli.
4:04 of 2nd period - Shot Misses the Net.
4:06 of 2nd period - Snap shot by Cody Ceci.
4:06 of 2nd period - Shot Blocked by Alex Galchenyuk.
4:08 of 2nd period - Wrist shot by Max Domi.
4:08 of 2nd period - Shot Blocked by Alex Galchenyuk.
4:10 of 2nd period - Slapshot by Colton Parayko.
4:10 of 2nd period - Shot Misses the Net.
4:12 of 2nd period - Wrist shot by Tyler Toffoli.
4:12 of 2nd period - Stopped by Anton Forsberg without a rebound.
4:13 of 2nd period - Mark Letestu wins face-off versus Jay McClement in Jets zone.
4:20 of 2nd period - Snap shot by Robby Fabbri.
4:20 of 2nd period - Stopped by Anton Forsberg with a rebound.
4:26 of 2nd period - Robby Fabbri is hit by Jacob Josefson and loses puck.
5:03 of 2nd period - Wayne Simmonds is hit by Jonathan Toews and loses puck.
5:22 of 2nd period - Andrew Agozzino is hit by Brett Ritchie and loses puck.
5:41 of 2nd period - Snap shot by Colton Parayko.
5:41 of 2nd period - Shot Blocked by Colton Sissons.
5:43 of 2nd period - Snap shot by Colton Parayko.
5:43 of 2nd period - Goal by Colton Parayko - Golden Seals : 1 - Jets : 0.
5:44 of 2nd period - Mike Fisher wins face-off versus Nathan MacKinnon in neutral zone.
5:59 of 2nd period - Snap shot by Tyler Toffoli.
5:59 of 2nd period - Deflect By Max Domi.
5:59 of 2nd period - Stopped by Anton Forsberg without a rebound.
6:00 of 2nd period - Alex Galchenyuk wins face-off versus Joe Pavelski in Jets zone.
6:09 of 2nd period - Wrist shot by Troy Brouwer.
6:09 of 2nd period - Stopped by Sergei Bobrovsky without a rebound.
6:10 of 2nd period - Joe Pavelski wins face-off versus Alex Galchenyuk in Golden Seals zone.
6:12 of 2nd period - Icing by Jaden Schwartz.
6:13 of 2nd period - Marian Hossa wins face-off versus Jonathan Toews in Golden Seals zone.
6:14 of 2nd period - Wrist shot by Wayne Simmonds.
6:14 of 2nd period - Deflect By Nathan MacKinnon.
6:14 of 2nd period - Goal by Nathan MacKinnon - Golden Seals : 1 - Jets : 1.
6:15 of 2nd period - Nathan MacKinnon wins face-off versus Jonathan Toews in neutral zone.
6:42 of 2nd period - Eric Fehr is hit by Max Domi and loses puck.
7:28 of 2nd period - Off-side.
7:29 of 2nd period - Jonathan Toews wins face-off versus Alex Galchenyuk in neutral zone.
9:19 of 2nd period - Mike Fisher is hit by Brett Ritchie and loses puck.
9:26 of 2nd period - Jay McClement is hit by Olli Maatta and loses puck.
9:57 of 2nd period - Robby Fabbri is hit by Alex Galchenyuk.
10:29 of 2nd period - Snap shot by Jonathan Toews.
10:29 of 2nd period - Shot Misses the Net.
11:52 of 2nd period - Eric Fehr is hit by Robert Hagg and loses puck.
11:57 of 2nd period - Snap shot by Marko Dano.
11:57 of 2nd period - Shot Misses the Net.
12:28 of 2nd period - Anton Lindholm is hit by Cody Franson and loses puck.
12:53 of 2nd period - Wrist shot by Tyler Toffoli.
12:53 of 2nd period - Stopped by Anton Forsberg with a rebound.
12:55 of 2nd period - Backhand shot by Mike Fisher.
12:55 of 2nd period - Stopped by Anton Forsberg with a rebound.
12:57 of 2nd period - Wrist shot by Max Domi.
12:57 of 2nd period - Stopped by Anton Forsberg without a rebound.
12:58 of 2nd period - Jonathan Toews wins face-off versus Alex Galchenyuk in Jets zone.
13:23 of 2nd period - Mark Pysyk is hit by Robert Hagg and loses puck.
13:44 of 2nd period - Jay McClement is hit by Olli Maatta and loses puck.
14:24 of 2nd period - Icing by Josh Manson.
14:25 of 2nd period - Jaden Schwartz wins face-off versus Marian Hossa in Jets zone.
14:30 of 2nd period - Wrist shot by Jaden Schwartz.
14:30 of 2nd period - Stopped by Anton Forsberg with a rebound.
15:43 of 2nd period - Off-side.
15:44 of 2nd period - Jonathan Toews wins face-off versus Frederick Gaudreau in neutral zone.
15:47 of 2nd period - Josh Gorges is hit by Jaden Schwartz and loses puck.
16:14 of 2nd period - Wrist shot by Max Domi.
16:14 of 2nd period - Shot Misses the Net.
17:23 of 2nd period - Wrist shot by Jonathan Toews.
17:23 of 2nd period - Stopped by Anton Forsberg without a rebound.
17:24 of 2nd period - Nathan MacKinnon wins face-off versus Jonathan Toews in Jets zone.
17:24 of 2nd period - Nathan MacKinnon is hit by Jonathan Toews.
17:32 of 2nd period - Snap shot by Nathan MacKinnon.
17:32 of 2nd period - Stopped by Sergei Bobrovsky without a rebound.
17:33 of 2nd period - Nathan MacKinnon wins face-off versus Jonathan Toews in Golden Seals zone.
17:34 of 2nd period - Snap shot by Wayne Simmonds.
17:34 of 2nd period - Stopped by Sergei Bobrovsky without a rebound.
17:35 of 2nd period - Nathan MacKinnon wins face-off versus Jonathan Toews in Golden Seals zone.
17:43 of 2nd period - Off-side.
17:44 of 2nd period - Jonathan Toews wins face-off versus Nathan MacKinnon in neutral zone.
17:47 of 2nd period - Slapshot by Joe Pavelski.
17:47 of 2nd period - Stopped by Anton Forsberg with a rebound.
17:49 of 2nd period - Snap shot by Jonathan Toews.
17:49 of 2nd period - Shot Misses the Net.
17:51 of 2nd period - Slapshot by Cody Ceci.
17:51 of 2nd period - Stopped by Anton Forsberg without a rebound.
17:52 of 2nd period - Jonathan Toews wins face-off versus Nathan MacKinnon in Jets zone.
18:56 of 2nd period - Tyler Toffoli is hit by Colton Sissons and loses puck.
19:11 of 2nd period - Snap shot by Keith Yandle.
19:11 of 2nd period - Stopped by Anton Forsberg with a rebound.
19:27 of 2nd period - Snap shot by Max Domi.
19:27 of 2nd period - Stopped by Anton Forsberg without a rebound.
19:28 of 2nd period - Mark Letestu wins face-off versus Alex Galchenyuk in Jets zone.
19:44 of 2nd period - Snap shot by Colin Wilson.
19:44 of 2nd period - Stopped by Anton Forsberg with a rebound.
19:58 of 2nd period - Snap shot by Andrew Agozzino.
19:58 of 2nd period - Shot Misses the Net.
Goals for this period are 1 for Golden Seals vs 1 for Jets.
Shots for this period are 15 for Golden Seals vs 7 for Jets.

3rd period


0:01 of 3rd period - Nathan MacKinnon wins face-off versus Jonathan Toews in neutral zone.
0:10 of 3rd period - Wrist shot by Marian Hossa.
0:10 of 3rd period - Shot Misses the Net.
0:12 of 3rd period - Slapshot by Marian Hossa.
0:12 of 3rd period - Shot Misses the Net.
0:16 of 3rd period - Wrist shot by Wayne Simmonds.
0:16 of 3rd period - Stopped by Sergei Bobrovsky with a rebound.
0:45 of 3rd period - Wrist shot by Robby Fabbri.
0:45 of 3rd period - Stopped by Anton Forsberg with a rebound.
1:10 of 3rd period - Snap shot by Marian Hossa.
1:10 of 3rd period - Stopped by Sergei Bobrovsky without a rebound.
1:11 of 3rd period - Nathan MacKinnon wins face-off versus Andrew Agozzino in Golden Seals zone.
1:23 of 3rd period - Off-side.
1:24 of 3rd period - Jonathan Toews wins face-off versus Nathan MacKinnon in neutral zone.
1:31 of 3rd period - Snap shot by Jonathan Toews.
1:31 of 3rd period - Stopped by Anton Forsberg with a rebound.
1:33 of 3rd period - Snap shot by Olli Maatta.
1:33 of 3rd period - Shot Blocked by Josh Gorges.
1:35 of 3rd period - Slapshot by Keith Yandle.
1:35 of 3rd period - Deflect By Josh Gorges.
1:35 of 3rd period - Stopped by Anton Forsberg with a rebound.
1:37 of 3rd period - Slapshot by Joe Pavelski.
1:37 of 3rd period - Stopped by Anton Forsberg without a rebound.
1:38 of 3rd period - Nathan MacKinnon wins face-off versus Mike Fisher in Jets zone.
1:45 of 3rd period - Snap shot by Wayne Simmonds.
1:45 of 3rd period - Stopped by Sergei Bobrovsky with a rebound.
1:47 of 3rd period - Snap shot by Nathan MacKinnon.
1:47 of 3rd period - Deflect By Wayne Simmonds.
1:47 of 3rd period - Shot Blocked by Keith Yandle.
1:47 of 3rd period - Puck is out of play.
1:48 of 3rd period - Nathan MacKinnon wins face-off versus Mike Fisher in Golden Seals zone.
2:19 of 3rd period - Slapshot by Wayne Simmonds.
2:19 of 3rd period - Deflect By Marian Hossa.
2:19 of 3rd period - Stopped by Sergei Bobrovsky with a rebound.
2:41 of 3rd period - Snap shot by Nathan MacKinnon.
2:41 of 3rd period - Stopped by Sergei Bobrovsky with a rebound.
2:43 of 3rd period - Slapshot by Josh Manson.
2:43 of 3rd period - Stopped by Sergei Bobrovsky with a rebound.
2:45 of 3rd period - Wrist shot by Marian Hossa.
2:45 of 3rd period - Stopped by Sergei Bobrovsky with a rebound.
2:47 of 3rd period - Slapshot by Marian Hossa.
2:47 of 3rd period - Stopped by Sergei Bobrovsky without a rebound.
2:48 of 3rd period - Jaden Schwartz wins face-off versus Alex Galchenyuk in Golden Seals zone.
2:48 of 3rd period - Jaden Schwartz is hit by Alex Galchenyuk.
2:56 of 3rd period - Alex Galchenyuk is hit by Jaden Schwartz and loses puck.
3:15 of 3rd period - Mark Pysyk is hit by Robby Fabbri and loses puck.
3:42 of 3rd period - Slapshot by Keith Yandle.
3:42 of 3rd period - Shot Blocked by Colton Sissons.
3:44 of 3rd period - Wrist shot by Marko Dano.
3:44 of 3rd period - Shot Misses the Net.
3:46 of 3rd period - Wrist shot by Olli Maatta.
3:46 of 3rd period - Shot Misses the Net.
4:01 of 3rd period - Nathan MacKinnon is hit by Joe Pavelski and loses puck.
4:57 of 3rd period - Icing by Wayne Simmonds.
4:58 of 3rd period - Frederick Gaudreau wins face-off versus Jonathan Toews in Jets zone.
4:58 of 3rd period - Frederick Gaudreau is hit by Joe Pavelski.
5:06 of 3rd period - Wrist shot by Joe Pavelski.
5:06 of 3rd period - Deflect By Jonathan Toews.
5:06 of 3rd period - Stopped by Anton Forsberg with a rebound.
5:12 of 3rd period - Josh Gorges is hit by Joe Pavelski and loses puck.
5:31 of 3rd period - Off-side.
5:32 of 3rd period - Alex Galchenyuk wins face-off versus Mike Fisher in neutral zone.
6:00 of 3rd period - Off-side.
6:01 of 3rd period - Mark Letestu wins face-off versus Colton Sissons in neutral zone.
6:10 of 3rd period - Snap shot by Nathan MacKinnon.
6:10 of 3rd period - Stopped by Sergei Bobrovsky with a rebound.
6:12 of 3rd period - Slapshot by Anton Lindholm.
6:12 of 3rd period - Shot Blocked by Colin Wilson.
6:14 of 3rd period - Slapshot by Anton Lindholm.
6:14 of 3rd period - Shot Misses the Net.
6:16 of 3rd period - Slapshot by Anton Lindholm.
6:16 of 3rd period - Shot Blocked by Colin Wilson.
6:18 of 3rd period - Slapshot by Nathan Paetsch.
6:18 of 3rd period - Shot Misses the Net.
6:20 of 3rd period - Slapshot by Anton Lindholm.
6:20 of 3rd period - Shot Misses the Net.
6:22 of 3rd period - Slapshot by Nathan Paetsch.
6:22 of 3rd period - Shot Misses the Net.
6:24 of 3rd period - Wrist shot by Colton Sissons.
6:24 of 3rd period - Shot Blocked by Cody Ceci.
6:26 of 3rd period - Backhand shot by Josh Gorges.
6:26 of 3rd period - Stopped by Sergei Bobrovsky without a rebound.
6:27 of 3rd period - Alex Galchenyuk wins face-off versus Jonathan Toews in Golden Seals zone.
6:52 of 3rd period - Josh Manson is hit by Mike Fisher and loses puck.
7:05 of 3rd period - Snap shot by Max Domi.
7:05 of 3rd period - Stopped by Anton Forsberg with a rebound.
7:41 of 3rd period - Cody Franson is hit by Alex Galchenyuk and loses puck.
7:54 of 3rd period - Wrist shot by Barclay Goodrow.
7:54 of 3rd period - Shot Misses the Net.
9:07 of 3rd period - Slapshot by Josh Manson.
9:07 of 3rd period - Stopped by Sergei Bobrovsky without a rebound.
9:08 of 3rd period - Jay McClement wins face-off versus Mike Fisher in Golden Seals zone.
9:33 of 3rd period - Wrist shot by Max Domi.
9:33 of 3rd period - Deflect By Troy Brouwer.
9:33 of 3rd period - Shot Misses the Net.
9:33 of 3rd period - Puck is out of play.
9:34 of 3rd period - Alex Galchenyuk wins face-off versus Jonathan Toews in Jets zone.
9:49 of 3rd period - Wrist shot by Jaden Schwartz.
9:49 of 3rd period - Shot Blocked by Josh Gorges.
9:51 of 3rd period - Snap shot by Jonathan Toews.
9:51 of 3rd period - Shot Misses the Net.
10:01 of 3rd period - Josh Manson is hit by Colton Parayko and loses puck.
10:06 of 3rd period - Snap shot by Robby Fabbri.
10:06 of 3rd period - Stopped by Anton Forsberg with a rebound.
10:08 of 3rd period - Snap shot by Mark Letestu.
10:08 of 3rd period - Stopped by Anton Forsberg without a rebound.
10:09 of 3rd period - Nathan MacKinnon wins face-off versus Tyler Toffoli in Jets zone.
10:38 of 3rd period - Wrist shot by Colin Wilson.
10:38 of 3rd period - Deflect By Wayne Simmonds.
10:38 of 3rd period - Stopped by Anton Forsberg with a rebound.
10:40 of 3rd period - Wrist shot by Colin Wilson.
10:40 of 3rd period - Shot Misses the Net.
10:42 of 3rd period - Slapshot by Olli Maatta.
10:42 of 3rd period - Stopped by Anton Forsberg with a rebound.
10:44 of 3rd period - Snap shot by Robby Fabbri.
10:44 of 3rd period - Shot Blocked by Marian Hossa.
10:46 of 3rd period - Wrist shot by Colin Wilson.
10:46 of 3rd period - Shot Misses the Net.
10:48 of 3rd period - Snap shot by Olli Maatta.
10:48 of 3rd period - Stopped by Anton Forsberg with a rebound.
11:00 of 3rd period - Cody Ceci is hit by Nathan MacKinnon and loses puck.
11:27 of 3rd period - Wrist shot by Jonathan Toews.
11:27 of 3rd period - Stopped by Anton Forsberg with a rebound.
11:47 of 3rd period - Snap shot by Tyler Toffoli.
11:47 of 3rd period - Stopped by Anton Forsberg without a rebound.
11:48 of 3rd period - Alex Galchenyuk wins face-off versus Mike Fisher in Jets zone.
11:53 of 3rd period - Snap shot by Troy Brouwer.
11:53 of 3rd period - Stopped by Sergei Bobrovsky without a rebound.
11:54 of 3rd period - Jonathan Toews wins face-off versus Eric Fehr in Golden Seals zone.
12:19 of 3rd period - Icing by Josh Gorges.
12:20 of 3rd period - Mike Fisher wins face-off versus Alex Galchenyuk in Jets zone.
13:12 of 3rd period - Wrist shot by Jacob Josefson.
13:12 of 3rd period - Deflect By Brett Ritchie.
13:12 of 3rd period - Deflect By Robby Fabbri.
13:12 of 3rd period - Shot Misses the Net.
13:12 of 3rd period - Puck is out of play.
13:13 of 3rd period - Mike Fisher wins face-off versus Wayne Simmonds in Golden Seals zone.
13:58 of 3rd period - Slapshot by Keith Yandle.
13:58 of 3rd period - Stopped by Anton Forsberg without a rebound.
13:59 of 3rd period - Mark Letestu wins face-off versus Jay McClement in Jets zone.
14:00 of 3rd period - Wrist shot by Robby Fabbri.
14:00 of 3rd period - Stopped by Anton Forsberg without a rebound.
14:01 of 3rd period - Brett Ritchie wins face-off versus Mark Letestu in Jets zone.
14:08 of 3rd period - Backhand shot by Mark Letestu.
14:08 of 3rd period - Shot Misses the Net.
14:12 of 3rd period - Slapshot by Colin Wilson.
14:12 of 3rd period - Shot Misses the Net.
14:14 of 3rd period - Snap shot by Colton Parayko.
14:14 of 3rd period - Stopped by Anton Forsberg with a rebound.
14:36 of 3rd period - Wrist shot by Wayne Simmonds.
14:36 of 3rd period - Shot Misses the Net.
14:38 of 3rd period - Slapshot by Mark Pysyk.
14:38 of 3rd period - Shot Misses the Net.
15:05 of 3rd period - Icing by Cody Ceci.
15:06 of 3rd period - Alex Galchenyuk wins face-off versus Mike Fisher in Golden Seals zone.
16:32 of 3rd period - Wrist shot by Colin Wilson.
16:32 of 3rd period - Shot Blocked by Wayne Simmonds.
16:34 of 3rd period - Slapshot by Olli Maatta.
16:34 of 3rd period - Deflect By Robby Fabbri.
16:34 of 3rd period - Stopped by Anton Forsberg without a rebound.
16:35 of 3rd period - Nathan MacKinnon wins face-off versus Mark Letestu in Jets zone.
16:51 of 3rd period - Icing by Mark Letestu.
16:52 of 3rd period - Mark Letestu wins face-off versus Troy Brouwer in Golden Seals zone.
16:56 of 3rd period - Off-side.
16:57 of 3rd period - Alex Galchenyuk wins face-off versus Jonathan Toews in neutral zone.
17:06 of 3rd period - Snap shot by Alex Galchenyuk.
17:06 of 3rd period - Stopped by Sergei Bobrovsky without a rebound.
17:07 of 3rd period - Nathan MacKinnon wins face-off versus Mark Letestu in Golden Seals zone.
17:08 of 3rd period - Wrist shot by Wayne Simmonds.
17:08 of 3rd period - Stopped by Sergei Bobrovsky without a rebound.
17:09 of 3rd period - Colin Wilson wins face-off versus Nathan MacKinnon in Golden Seals zone.
18:03 of 3rd period - Snap shot by Brett Ritchie.
18:03 of 3rd period - Stopped by Sergei Bobrovsky with a rebound.
18:05 of 3rd period - Wrist shot by Jacob Josefson.
18:05 of 3rd period - Stopped by Sergei Bobrovsky with a rebound.
18:25 of 3rd period - Slapshot by Cody Ceci.
18:25 of 3rd period - Stopped by Anton Forsberg with a rebound.
19:33 of 3rd period - Cody Ceci is hit by Anton Lindholm and loses puck.
19:50 of 3rd period - Cody Ceci is hit by Frederick Gaudreau and loses puck.
19:55 of 3rd period - Slapshot by Brett Ritchie.
19:55 of 3rd period - Shot Misses the Net.
19:57 of 3rd period - Slapshot by Nate Prosser.
19:57 of 3rd period - Deflect By Brett Ritchie.
19:57 of 3rd period - Shot Misses the Net.
19:57 of 3rd period - Puck is out of play.
19:58 of 3rd period - Marian Hossa wins face-off versus Jonathan Toews in Golden Seals zone.
Goals for this period are 0 for Golden Seals vs 0 for Jets.
Shots for this period are 18 for Golden Seals vs 16 for Jets.

Overtime #1


0:01 of 1st overtime period - Jonathan Toews wins face-off versus Nathan MacKinnon in neutral zone.
0:12 of 1st overtime period - Snap shot by Jonathan Toews.
0:12 of 1st overtime period - Shot Misses the Net.
0:26 of 1st overtime period - Marian Hossa is hit by Joe Pavelski and loses puck.
0:52 of 1st overtime period - Icing by Alex Galchenyuk.
0:53 of 1st overtime period - Mark Letestu wins face-off versus Wayne Simmonds in Jets zone.
1:05 of 1st overtime period - Off-side.
1:06 of 1st overtime period - Nathan MacKinnon wins face-off versus Jonathan Toews in neutral zone.
1:13 of 1st overtime period - Slapshot by Wayne Simmonds.
1:13 of 1st overtime period - Stopped by Sergei Bobrovsky with a rebound.
1:19 of 1st overtime period - Slapshot by Joe Pavelski.
1:19 of 1st overtime period - Stopped by Anton Forsberg with a rebound.
1:21 of 1st overtime period - Wrist shot by Colton Parayko.
1:21 of 1st overtime period - Deflect By Jonathan Toews.
1:21 of 1st overtime period - Stopped by Anton Forsberg without a rebound.
1:22 of 1st overtime period - Mike Fisher wins face-off versus Nathan MacKinnon in Jets zone.
2:09 of 1st overtime period - Wrist shot by Jonathan Toews.
2:09 of 1st overtime period - Stopped by Anton Forsberg with a rebound.
2:15 of 1st overtime period - Slapshot by Brett Ritchie.
2:15 of 1st overtime period - Goal by Brett Ritchie - Golden Seals : 1 - Jets : 2.
Goals for this period are 0 for Golden Seals vs 1 for Jets.
Shots for this period are 3 for Golden Seals vs 2 for Jets.